 Dungeon Crawl Stone Soup version 0.28.0-53-g5a82cb258f (webtiles) character file.

Game seed: 9399990072708148969

122723 MilanorTSW the Tortoise (level 16, -23/146 HPs)
             Began as a Minotaur Fighter on June 14, 2022.
             Was a High Priest of Okawaru.
             Killed from afar by a will-o-the-wisp (24 damage)
             ... with a foxfire
             ... on level 2 of the Swamp.
             The game lasted 02:14:29 (30413 turns).

MilanorTSW the Tortoise (Minotaur Fighter)         Turns: 30413, Time: 02:14:29

Health: -23/146    AC: 23    Str: 42    XL:     16   Next: 35%
Magic:  22/23      EV: 12    Int:  5    God:    Okawaru [*****.]
Gold:   1674       SH: 22    Dex: 16    Spells: 15/15 levels left

rFire   . . .      SeeInvis .   F - +7 demon whip (elec)
rCold   + + +      Faith    .   B - +3 kite shield
rNeg    . . .      Spirit   .   y - +1 chain mail "Haitu" {+Blink +Inv Str+7}
rPois   .          Reflect  +   (helmet restricted)
rElec   .          Harm     .   R - +2 cloak
rCorr   +          Rampage  .   w - +2 pair of gloves
Will    +....                   G - +0 pair of boots "Hetsoezu" {rC+++}
Stlth   ..........              e - amulet of reflection
HPRegen 0.34/turn               L - ring of Ytsuaw {rCorr Str+6 Dex+6}
MPRegen 0.18/turn               M - ring of flight

@: on blink cooldown, flying, hasted, studying Fire Magic, very quick
A: horns 2, retaliatory headbutt
a: Renounce Religion, Evoke Blink, Evoke Invisibility, Heroism, Finesse, Duel


You were on level 2 of the Swamp.
You worshipped Okawaru.
Okawaru was extremely pleased with you.
You visited 5 branches of the dungeon, and saw 26 of its levels.
You visited the Abyss 1 time.

You collected 3266 gold pieces.
You spent 1592 gold pieces at shops.

Inventory:

Hand Weapons
 F - a +7 demon whip of electrocution (weapon)
 N - the +6 broad axe of Qiculot {antimagic, rC+}
   (You found it on level 5 of the Lair of Beasts)

   It reduces the magical energy of the wielder, and disrupts the spells and
   magical abilities of those it strikes.
   Natural abilities and divine invocations are not affected.
   rC:        It protects you from cold.
 O - a +2 falchion of flaming
Missiles
 j - 52 poisoned darts
 q - 16 silver javelins
 D - 4 boomerangs
 H - 7 curare-tipped darts
 J - 12 javelins (quivered)
 P - 14 atropa-tipped darts
 S - 6 throwing nets
Armour
 w - a +2 pair of gloves (worn)
 y - the +1 chain mail "Haitu" (worn) {+Blink +Inv Str+7}
   (You acquired it on level 14 of the Dungeon)

   Str:       It affects your strength (+7).
   +Inv:      It lets you turn invisible.
   +Blink:    It lets you blink.
 B - a +3 kite shield (worn)
 G - the +0 pair of boots "Hetsoezu" (worn) {rC+++}
   (Okawaru gifted it to you on level 5 of the Lair of Beasts)

   rC:        It renders you almost immune to cold.
 R - a +2 cloak (worn)
 W - the +7 Kryia's mail coat {PotionHeal*2 rC+}
   (Okawaru gifted it to you on level 3 of the Lair of Beasts)

   Potions are twice as effective at healing its wearer.
   rC:        It protects you from cold.
Jewellery
 e - an amulet of reflection (around neck)
 m - a ring of wizardry
 u - a +6 ring of strength
 E - the amulet of the Air {Inacc Air Fly rElec RMsl}
   (You found it on level 8 of the Dungeon)

   [amulet of nothing]

   It reduces the accuracy of all your attacks.
   It enhances your air magic.
   rElec:     It insulates you from electricity.
   Fly:       It grants you flight.
   RMsl:      It protects you from missiles.
 L - the ring of Ytsuaw (left hand) {rCorr Str+6 Dex+6}
   (You bought it in a shop on level 14 of the Dungeon)

   [ring of strength]

   Str:       It affects your strength (+6).
   Dex:       It affects your dexterity (+6).
   rCorr:     It protects you from acid and corrosion.
 M - a ring of flight (right hand)
 T - a +6 ring of dexterity
 U - an amulet of guardian spirit
 V - a ring of see invisible
Wands
 l - a wand of flame (79)
 n - a wand of paralysis (9)
 C - a wand of acid (18)
 Z - a wand of polymorph (6)
Scrolls
 a - 2 scrolls of enchant weapon
 b - a scroll of holy word
 c - 2 scrolls of magic mapping
 g - 5 scrolls of vulnerability
 h - a scroll of silence
 i - a scroll of fear
 s - a scroll of amnesia
 t - a scroll of identify
 I - a scroll of fog
 K - 3 scrolls of teleportation
Potions
 d - 5 potions of might
 f - a potion of lignification {unknown}
 k - a potion of cancellation
 p - 3 potions of flight
 r - 4 potions of mutation
 v - 2 potions of resistance
 x - a potion of curing
 z - 4 potions of invisibility
 A - a potion of berserk rage


   Skills:
 - Level 14.0 Fighting
 - Level 2.4(9.3) Axes
 - Level 13.8(14.0) Maces & Flails
 + Level 12.2 Throwing
 + Level 15.2 Armour
 + Level 5.3 Dodging
 + Level 15.1 Shields
 + Level 11.5 Invocations
 * Level 6.4 Evocations


You had 15 spell levels left.
You didn't know any spells.
Your spell library contained the following spells:

 Spells                   Type           Power      Damage    Failure   Level
 Apportation              Tloc           0%         N/A       91%         1
 Foxfire                  Conj/Fire      0%         2x1d4     91%         1
 Sandblast                Erth           0%         2d4       91%         1
 Corpse Rot               Necr/Air       0%         N/A       97%         2
 Passwall                 Tmut/Erth      0%         N/A       97%         2
 Static Discharge         Conj/Air       0%         N/A       97%         2
 Conjure Flame            Conj/Fire      0%         6-21      100%        3
 Ignite Poison            Fire/Tmut/Pois 0%         N/A       100%        3
 Inner Flame              Hex/Fire       0%         N/A       100%        3
 Mephitic Cloud           Conj/Pois/Air  0%         N/A       100%        3
 Stone Arrow              Conj/Erth      0%         3d7       100%        3
 Airstrike                Air            0%         N/A       100%        4
 Anguish                  Hex/Necr       0%         N/A       100%        4
 Cause Fear               Hex            0%         N/A       100%        4
 Dispel Undead            Necr           0%         3d6       100%        4
 Flame Wave               Conj/Fire      0%         2d4       100%        4
 Sticky Flame             Conj/Fire      0%         2d3       100%        4
 Alistair's Intoxication  Tmut/Pois      0%         N/A       100%        5
 Freezing Cloud           Conj/Ice/Air   0%         6-21      100%        5
 Lightning Bolt           Conj/Air       0%         1d11      100%        5
 Borgnjor's Revivificati  Necr           0%         N/A       100%        8
 Discord                  Hex            0%         N/A       100%        8
 Necromutation            Tmut/Necr      0%         N/A       100%        8
 Death's Door             Necr           0%         N/A       100%        9
 Animate Dead             Necr           Unusable   N/A       N/A         4
 Summon Lightning Spire   Summ/Air       Unusable   N/A       N/A         4
 Death Channel            Necr           Unusable   N/A       N/A         6

Dungeon Overview and Level Annotations

Branches:
Dungeon (15/15)            Temple (1/1) D:5            Lair (6/6) D:8
  Swamp (2/4) Lair:2       Spider (0/4) Lair:4        Slime (0/5) Lair:6
    Orc (2/2) D:11            Elf (0/3) Orc:2        Vaults (0/5) D:14
 Depths (0/4) D:15

Altars:
Cheibriados
Fedhas
Gozag
Hepliaklqana
Kikubaaqudgha
Makhleb
Nemelex Xobeh
Okawaru
Ru
Sif Muna
Trog
Uskayaw
Vehumet
Wu Jian
Xom
Yredelemnul
Zin
The Shining One
Jiyva

Shops:
D:4 [   D:6 (*[*   D:14 =   Orc:2 !(=[

Annotations:
D:6 Maggie
D:9 1 runed translucent door
D:13 1 transporter, exclusion: orange crystal statue, Yzykh's ghost, journeyman DsAK
Lair:2 2 runed translucent doors, arlandor's ghost, journeyman DjFE
Swamp:2 2 runed translucent doors
Orc:1 3 runed translucent doors, Imhoden's ghost, journeyman MiFi


Innate Abilities, Weirdness & Mutations

You have a pair of horns on your head.
You reflexively headbutt those who attack you in melee.


Message History

The will-o-the-wisp blinks!
You feel better.
You are engulfed in poison gas.
You are poisoned.
* * * LOW HITPOINT WARNING * * *
* * * LOW HITPOINT WARNING * * *
You feel very sick.
The eleionoma flows through the trees.
* * * LOW HITPOINT WARNING * * *
You feel sick.
The eleionoma is engulfed in poison gas.
The eleionoma looks even sicker.
You block the eleionoma's attack. You block the will-o-the-wisp's attack.
You feel better.
The eleionoma is engulfed in poison gas.
The eleionoma looks as sick as possible!
The eleionoma hurls a spray of splinters at you.
The spray of wooden splinters hits you but does no damage.
The will-o-the-wisp engulfs you!
* * * LOW HITPOINT WARNING * * *
The swamp dragon breathes poison at you.
The blast of poison engulfs you but does no damage.
You are poisoned.
You blink.
* * * LOW HITPOINT WARNING * * *
You feel sick.
The eleionoma is engulfed in poison gas.
The eleionoma looks as sick as possible!
Okay, then.
You feel better. You block the swamp dragon's attack.
The swamp dragon misses you.
The swamp dragon tramples you but does no damage.
The will-o-the-wisp gestures.
The will-o-the-wisp conjures some foxfire!
The eleionoma is engulfed in poison gas.
The eleionoma looks as sick as possible! 2 foxfires come into view.
You feel yourself speed up. The foxfire hits you!
* * * LOW HITPOINT WARNING * * *
The foxfire hits you!!
You die...

≈♣♣♣.≈§≈≈≈# .[.≈.. #
##############.♣♣≈≈♣≈≈≈# |≈#.⌠≈ #
.≈≈≈≈≈.≈.(#..#≈♣♣≈≈.≈≈≈# #
..≈.≈≈.≈≈≈#≈)#≈♣....≈..#
.≈.8.≈.(≈≈#'##≈♣.≈..≈..#
≈.≈.≈..≈....§..≈.≈...§.##########
..._...≈≈..§≈'..≈≈.°○≈.≈.†...≈≈≈♣
≈...≈≈≈≈...≈...[.v○○...†...≈....<
.≈≈(.≈§8§..'#≈≈≈@DvR○.♣♣..<.....≈
.§≈≈..≈...≈)(#≈.♣n○○○♣♣♣♣♣♣♣.≈...
.≈.≈.≈.≈.≈#..#≈..D.♣♣♣ ♣♣≈...
######≈≈#..§.#≈♣..♣♣ ♣≈.≈#
≈≈§≈≈..≈..≈♣≈≈.♣ ♣♣.♣#
♣♣♣♣♣♣♣♣♣♣♣♣♣.♣♣ ♣..≈ ♣.♣ ♣♣.§.
♣.♣ ♣♣≈. ♣♣♣ ♣≈


You could see an eleionoma (extremely poisoned), 2 swamp dragons, a
will-o-the-wisp and a bog body.

Vanquished Creatures
  Kirke (D:12)
  Nessos (Lair:6)
  A stone giant (Orc:2)
  2 eleionomae
  4 bunyips
  A shambling mangrove (Swamp:1)
  A fire dragon (D:15)
  The ghost of elongatedgoose the Carver, a journeyman MiFi of Okawaru (Orc:2)
  A rakshasa (D:15)
  19 hydras
  2 ogre magi (Orc:2)
  A catoblepas (Lair:6)
  2 boulder beetles (D:12)
  3 alligators (Lair:2)
  2 dancing weapons (D:14)
  13 two-headed ogres
  A centaur warrior (D:14)
  A merfolk avatar (Lair:6)
  A tengu warrior (D:14)
  2 thrashing horrors (Abyss:3)
  2 orc high priests
  2 deep trolls (Orc:2)
  5 goliath frogs
  A sea snake (Lair:6)
  3 spriggan druids
  4 deep elf pyromancers
  5 bog bodies
  2 lindwurms (Lair:5)
  A wizard (D:15)
  A necromancer (D:15)
  A harpy (Lair:6)
  4 cyclopes
  2 orc sorcerers
  5 ugly things
  3 will-o-the-wisps
  6 manticores
  31 elephants
  3 black mambas
  2 torpor snails
  A naga mage (D:15)
  3 smoke demons
  2 gargoyles
  16 cane toads
  12 komodo dragons
  A freezing wraith (D:15)
  A tengu conjurer (D:14)
  An efreet (D:15)
  9 rime drakes
  2 kobold demonologists
  11 trolls
  A troll (shapeshifter) (D:15)
  A wind drake (Lair:6)
  A meliai (Lair:4)
  2 polar bears (Lair:6)
  A wolf spider simulacrum (D:15)
  3 tyrant leeches
  6 hornets
  2 large abominations (Abyss:3)
  2 snapping turtles (Lair:6)
  12 blink frogs
  A raiju (shapeshifter) (D:14)
  Prince Ribbit (D:8)
  12 dream sheep
  A centaur simulacrum (D:15)
  12 slime creatures
  A shadow (Abyss:3)
  A vampire (D:9)
  5 spriggans
  2 hogs (D:12)
  13 wyverns
  2 wraiths
  5 humans (D:12)
  A steam dragon (Lair:6)
  2 chaos spawn (Abyss:3)
  34 yaks
  4 fire elementals (D:12)
  8 basilisks
  12 vampire mosquitoes
  8 wargs
  Menkaure (D:5)
  An acid dragon (D:9)
  10 swamp worms
  2 hell hounds (Lair:5)
  18 water moccasins
  3 black bears
  24 orc warriors
  An ice beast (D:5)
  4 wolves (Lair:2)
  25 ogres
  6 centaurs
  12 kobold brigands
  10 bullfrogs
  A gnoll sergeant (D:11)
  2 scorpions (D:4)
  A wyvern zombie (D:8)
  A water moccasin skeleton (D:5)
  12 killer bees
  10 wights
  A howler monkey (D:7)
  2 vampire bats (D:10)
  9 electric eels
  7 centaur zombies
  A jelly (D:5)
  An iron imp (Abyss:3)
  3 hounds
  A bullfrog zombie (D:5)
  4 centaur skeletons
  21 orc priests
  A bullfrog skeleton (D:7)
  7 hell rats (Lair:5)
  Natasha (thrice) (D:2)
  An iguana (D:6)
  17 orc wizards
  A hound skeleton (D:4)
  A howler monkey zombie (D:7)
  8 adders
  6 gnolls
  A howler monkey skeleton (D:4)
  2 white imps
  An ufetubus (D:4)
  An adder skeleton (D:4)
  A dart slug (D:4)
  65 orcs
  2 bat skeletons (D:10)
  3 bat zombies (D:10)
  9 endoplasms
  16 giant cockroaches
  3 hobgoblins
  14 jackals
  23 kobolds
  2 quokkas
  9 ball pythons
  3 bats
  3 frilled lizards
  15 goblins
  3 rats
773 creatures vanquished.

Vanquished Creatures (others)
  A spriggan (Swamp:1)
  A manticore (D:14)
  A hornet (Swamp:1)
  A bush (Lair:5)
  19 foxfires
  59 fungi
  65 plants
  2 starspawn tentacles (Abyss:3)
149 creatures vanquished.

Grand Total: 922 creatures vanquished

Notes
Turn   | Place    | Note
-------+----------+-------------------------------------------
     0 | D:1      | MilanorTSW the Minotaur Fighter began the quest for the
                  | Orb.
     0 | D:1      | Reached XP level 1. HP: 19/19 MP: 0/0
    86 | D:1      | Reached skill level 1 in Maces & Flails
   204 | D:1      | Reached XP level 2. HP: 24/27 MP: 1/1
   607 | D:1      | Reached XP level 3. HP: 28/33 MP: 2/2
   668 | D:1      | Found a faded altar of an unknown god.
  1192 | D:2      | Noticed Natasha
  1199 | D:2      | Reached XP level 4. HP: 37/40 MP: 3/3
  1202 | D:2      | Killed Natasha
  1242 | D:2      | Noticed Natasha
  1252 | D:2      | Killed Natasha
  1354 | D:2      | Noticed Natasha
  1362 | D:2      | Killed Natasha
  1363 | D:2      | Reached XP level 5. HP: 30/47 MP: 4/4
  2493 | D:3      | Found a sparkling altar of Nemelex Xobeh.
  2665 | D:4      | Reached XP level 6. HP: 51/55 MP: 5/5
  2680 | D:4      | Reached skill level 5 in Fighting
  3009 | D:4      | Reached skill level 5 in Armour
  3114 | D:4      | Found Coinyd's Antique Armour Shoppe.
  3135 | D:4      | Reached skill level 5 in Shields
  3168 | D:4      | Reached skill level 5 in Maces & Flails
  3168 | D:4      | Reached skill level 1 in Throwing
  3216 | D:4      | Reached XP level 7. HP: 61/61 MP: 6/6
  3785 | D:5      | Entered Level 5 of the Dungeon
  3790 | D:5      | Noticed Menkaure
  3797 | D:5      | Killed Menkaure
  4355 | D:5      | Found a staircase to the Ecumenical Temple.
  4365 | Temple   | Entered the Ecumenical Temple
  4404 | Temple   | Became a worshipper of Warmaster Okawaru
  4570 | D:5      | Reached XP level 8. HP: 68/70 MP: 7/7
  5358 | D:6      | Found Atijot's Assorted Antiques.
  5407 | D:6      | Bought a glowing brass amulet for 170 gold pieces
  5423 | D:6      | Found Acvecw's Antique Armour Emporium.
  5514 | D:6      | Found Loff's Weapon Emporium.
  5547 | D:6      | Found Romexzo's General Store.
  5789 | D:6      | Noticed Maggie
  5906 | D:7      | Reached * piety under Okawaru
  6248 | D:7      | Found a blossoming altar of Fedhas.
  6303 | D:7      | Reached XP level 9. HP: 78/78 MP: 8/8
  6421 | D:7      | Reached ** piety under Okawaru
  6763 | D:8      | Found the amulet of the Air {Inacc Air Fly rElec RMsl}
  6807 | D:8      | Found a staircase to the Lair.
  6868 | D:8      | Found a shimmering blue altar of Sif Muna.
  6872 | D:8      | Found a radiant altar of Vehumet.
  6895 | D:8      | Found a transporter.
  7069 | D:8      | Noticed Prince Ribbit
  7075 | D:8      | Killed Prince Ribbit
  7079 | D:8      | Reached skill level 1 in Invocations
  7185 | D:8      | Found a transporter.
  7504 | D:8      | Reached *** piety under Okawaru
  7782 | D:8      | Found a burning altar of Makhleb.
  7986 | D:9      | Noticed a two-headed ogre
  8010 | D:9      | Killed a two-headed ogre
  8011 | D:9      | Reached skill level 10 in Maces & Flails
  8011 | D:9      | Reached XP level 10. HP: 88/88 MP: 7/10
  8175 | D:9      | Reached skill level 5 in Throwing
  8401 | D:9      | Reached **** piety under Okawaru
  9492 | D:9      | Found a runed translucent door.
  9493 | D:9      | Noticed a boulder beetle
  9586 | D:9      | Noticed a glowing orange brain
  9896 | D:10     | Entered Level 10 of the Dungeon
  9937 | D:10     | Noticed a two-headed ogre
  9946 | D:10     | Killed a two-headed ogre
 10296 | D:10     | Reached ***** piety under Okawaru
 10333 | D:10     | Reached XP level 11. HP: 95/97 MP: 13/13
 10554 | D:10     | Found an ancient bone altar of Kikubaaqudgha.
 10788 | D:10     | Noticed a three-headed hydra
 10799 | D:10     | Killed a three-headed hydra
 10799 | D:10     | Identified the +1 chain mail of the Slightly Bent {Rampage
                  | rC+} (Okawaru gifted it to you on level 10 of the Dungeon)
 10799 | D:10     | Received a gift from Okawaru
 11067 | Lair:1   | Entered Level 1 of the Lair of Beasts
 12262 | Lair:1   | Reached skill level 5 in Invocations
 12492 | Lair:2   | Found a staircase to the Swamp.
 12639 | Lair:2   | Noticed a five-headed hydra
 12650 | Lair:2   | Killed a one-headed hydra
 13256 | Lair:2   | Reached skill level 10 in Armour
 13274 | Lair:2   | Reached skill level 10 in Fighting
 13286 | Lair:2   | Identified the +9 great mace "Toirch" {vorpal, Dex+5}
                  | (Okawaru gifted it to you on level 2 of the Lair of Beasts)
 13286 | Lair:2   | Received a gift from Okawaru
 13544 | Lair:2   | Reached skill level 10 in Shields
 13544 | Lair:2   | Reached XP level 12. HP: 106/106 MP: 15/15
 13712 | Lair:2   | Found a large runed translucent door.
 14132 | Lair:2   | Found a large runed translucent door.
 14133 | Lair:2   | Noticed arlandor's ghost (journeyman DjFE)
 15042 | Lair:3   | Received a gift from Okawaru
 15315 | Lair:2   | Received a gift from Okawaru
 15712 | Lair:3   | Got the Handbook of Ignition and Black Magic
 15733 | Lair:3   | Received a gift from Okawaru
 15733 | Lair:3   | Found the +7 Kryia's mail coat {PotionHeal*2 rC+}
 16659 | Lair:4   | Found a hole to the Spider Nest.
 16679 | Lair:4   | Identified a scroll of acquirement
 16679 | Lair:4   | Acquired a +3 demon whip of electrocution
 16771 | Lair:4   | Noticed an eight-headed hydra
 16780 | Lair:4   | Killed an eight-headed hydra
 16880 | Lair:4   | Noticed a four-headed hydra
 16886 | Lair:4   | Killed a four-headed hydra
 17043 | Lair:4   | Identified the +10 short sword of the Dead {vorpal, rF+
                  | Dex+6}
 17133 | Lair:4   | Reached XP level 13. HP: 116/116 MP: 15/17
 18057 | Lair:5   | Identified the +0 pair of boots "Hetsoezu" {rC+++} (Okawaru
                  | gifted it to you on level 5 of the Lair of Beasts)
 18057 | Lair:5   | Received a gift from Okawaru
 18917 | Lair:5   | Reached ****** piety under Okawaru
 19026 | Lair:5   | Identified the +6 broad axe of Qiculot {antimagic, rC+}
 19470 | Lair:6   | Entered Level 6 of the Lair of Beasts
 19627 | Lair:6   | Found a viscous altar of Jiyva.
 19628 | Lair:6   | Found a staircase to the Slime Pits.
 19743 | Lair:6   | Identified the +0 pair of gloves of Damp Joy {Stlth+}
                  | (Okawaru gifted it to you on level 6 of the Lair of Beasts)
 19743 | Lair:6   | Received a gift from Okawaru
 19805 | Lair:6   | Reached XP level 14. HP: 127/127 MP: 19/19
 19939 | Lair:6   | Reached skill level 10 in Throwing
 19967 | Lair:6   | Noticed Nessos
 19976 | Lair:6   | Killed Nessos
 21209 | D:11     | Found an iron altar of Okawaru.
 21678 | D:11     | Received a gift from Okawaru
 21703 | D:11     | Found a staircase to the Orcish Mines.
 22561 | D:12     | Received a gift from Okawaru
 23075 | D:12     | Identified the +0 ring mail of Inaction {Str+4 Stlth+}
                  | (Okawaru gifted it to you on level 12 of the Dungeon)
 23075 | D:12     | Received a gift from Okawaru
 23095 | D:12     | Noticed Kirke
 23116 | D:12     | Killed Kirke
 23134 | D:12     | Reached skill level 10 in Invocations
 23660 | D:13     | Found a transporter.
 23666 | D:13     | Noticed Yzykh's ghost (journeyman DsAK)
 23699 | D:13     | You fall into a shaft and drop 1 floor!
 23906 | D:14     | Found Mawaoto's Jewellery Shop.
 23938 | D:14     | Reached XP level 15. HP: 138/138 MP: 21/21
 24006 | D:14     | Found a hide-covered altar of Uskayaw.
 24019 | D:14     | Identified the +8 morningstar of Chaos {vorpal, Str+3
                  | Dex+6}
 24058 | D:14     | Acquired the +1 chain mail "Haitu" {+Blink +Inv Str+7}
 24070 | D:14     | Acquired 1094 gold pieces
 24111 | D:14     | Bought the ring of Ytsuaw {rCorr Str+6 Dex+6} for 1422 gold
                  | pieces
 24172 | D:14     | Identified the +8 broad axe of the Ass {vorpal, rElec rN+
                  | Str+2 Dex+4}
 24181 | D:14     | Found a gate to the Vaults.
 24713 | D:14     | Found a sparkling altar of Nemelex Xobeh.
 24868 | D:15     | Entered Level 15 of the Dungeon
 24995 | D:15     | Reached skill level 1 in Dodging
 24995 | D:15     | Reached skill level 1 in Evocations
 25591 | D:15     | Cast into level 3 of the Abyss (a wizard)
 25591 | Abyss:3  | Found a corrupted altar of Lugonu.
 25746 | Abyss:3  | Noticed a tentacled starspawn
 25807 | D:15     | Escaped the Abyss
 25834 | D:15     | Found a staircase to the Depths.
 26095 | Orc:1    | Entered Level 1 of the Orcish Mines
 26145 | Orc:1    | Identified the +2 robe of Whack-A-Mole {rC+ Will+} (Okawaru
                  | gifted it to you on level 1 of the Orcish Mines)
 26145 | Orc:1    | Received a gift from Okawaru
 26387 | Orc:1    | Found a runed translucent gate.
 26388 | Orc:1    | Found a runed translucent gate.
 26389 | Orc:1    | Found a runed translucent gate.
 26487 | Orc:1    | Found an iron altar of Okawaru.
 26487 | Orc:1    | Noticed Imhoden's ghost (journeyman MiFi)
 26599 | Orc:2    | Entered Level 2 of the Orcish Mines
 26617 | Orc:2    | Found a transporter.
 26617 | Orc:2    | Noticed elongatedgoose's ghost (journeyman MiFi)
 26625 | Orc:2    | Found a transporter.
 26770 | Orc:2    | Killed elongatedgoose's ghost
 27025 | Orc:2    | Found Iwyumyov's Jewellery Shoppe.
 27029 | Orc:2    | Found Huirch's Distillery.
 27029 | Orc:2    | Found Faokozap's Armour Shop.
 27072 | Orc:2    | Found Daam's Antique Weapon Boutique.
 27333 | Orc:2    | Found a staircase to the Elven Halls.
 27749 | Swamp:1  | Entered Level 1 of the Swamp
 27869 | Swamp:1  | Reached skill level 5 in Evocations
 28412 | Lair:2   | Received a gift from Okawaru
 28559 | Lair:2   | Reached XP level 16. HP: 42/146 MP: 16/23
 28560 | Lair:2   | Received a gift from Okawaru
 29067 | Swamp:1  | Reached skill level 15 in Armour
 29271 | Swamp:2  | Found a large runed translucent door.
 29271 | Swamp:2  | Found a large runed translucent door.
 29461 | Swamp:2  | Identified the +6 great mace "Uthuonug" {spect, rF+ Str+4
                  | Int-4} (Okawaru gifted it to you on level 2 of the Swamp)
 29461 | Swamp:2  | Received a gift from Okawaru
 29596 | Swamp:2  | Reached skill level 15 in Shields
 29642 | Swamp:2  | Reached skill level 5 in Dodging
 29679 | Swamp:2  | Found a basalt altar of Yredelemnul.
 29691 | Swamp:2  | HP: 4/146 [five-headed hydra (4)]
 30361 | Swamp:2  | Received a gift from Okawaru
 30411 | Swamp:2  | HP: 6/146 [poisoned by a swamp dragon (blast of poison)]
 30413 | Swamp:2  | HP: 1/146 [will-o-the-wisp/foxfire (15)]
 30413 | Swamp:2  | Killed from afar by a will-o-the-wisp

Illustrated notes

Levels and vault maps discovered:
D:1:      roderic_crossed_star, layout_loops_ring, basic_ecumenical_altar,
          minmay_tetromino_t2
D:2:      minmay_roachtagon, layout_loops_cross, uniq_natasha
D:3:      layout_basic, mainiacjoe_overflow_alcove_4, kennysheep_generic_room_14
D:4:      layout_basic, serial_shops, nicolae_shop_behind_doors
D:5:      layout_basic, minmay_temple_entry_gardened_gates, serial_aquarium,
          aquarium_bridge_straight [aquarium_subvault_bridge,
          aquarium_subvault_window, aquarium_subvault_bridge,
          aquarium_subvault_balcony], aquarium_bridge_island_small
          [aquarium_subvault_small_open, aquarium_subvault_bridge,
          aquarium_subvault_balcony, aquarium_subvault_wall,
          aquarium_subvault_window], aquarium_window_fake,
          aquarium_window_corridor_3, aquarium_window_corner, aquarium_view_2b,
          aquarium_view_2a, aquarium_balcony_3a, uniq_menkaure
D:6:      layout_loops_ring, serial_shops, nicolae_shop_statue_plus,
          kennysheep_mini_moat, nicolae_stop_n_shop_2, nicolae_stop_n_shop_1,
          uniq_maggie
D:7:      layout_loops_ring, nicolae_overflow_hidden_temple,
          chequers_serial_rivers_room_a
D:8:      gammafunk_steamed_eel, layout_loops_ring, minitemple,
          makhleb_blood_cavern_becter, dpeg_oklobed_lair, nrook_campfire,
          uniq_prince_ribbit1
D:9:      layout_basic, special_room [special_room_kobold], enter_bailey_3,
          wad_hexagon
D:10:     layout_loops_ring, kennysheep_vampire_church, hangedman_ranch
D:11:     layout_basic, erik_orc_2, serial_corexii_hall,
          chequers_hall_statues_y, chequers_hall_statues_y, okawaru_trees_1
D:12:     minmay_firetagon, layout_long_grid, uniq_kirke
D:13:     layout_stronghold, nzn_ghost_randoct, hex_large, eino_jars
D:14:     layout_irregular_city, erik_vaults_1, nemelex_spade_bored_becter,
          serial_shops, shop, eat_drink_and_be_merry_uskayaw
D:15:     grunt_enter_depths_magical_seal, layout_irregular_city, nicolae_wwwww
Temple:   eino_temple_rhombus
Lair:1:   layout_regular_city, worms_lemuel
Lair:2:   layout_cave_pods, swamp_mist, ebering_ghost_disaster_area,
          infiniplex_staircase_pool
Lair:3:   layout_gridlike, grunt_megastairs_3, lemuel_fruit_tree,
          lemuel_fruit_fields, serial_bayou_shore_b
Lair:4:   layout_regular_city, hellmonk_spider_entry_not_the_bees
Lair:5:   layout_loops_ring, special_room [special_room_mythical_zoo],
          hangedman_lair_generics_rect
Lair:6:   gammafunk_lair_ancient_temple, layout_regular_city, slime_altar_1,
          uniq_nessos
Swamp:1:  layout_basic_swamp, infiniplex_staircase_pool_2
Swamp:2:  layout_falls_marsh, ebering_ghost_disaster_area,
          evilmike_swamp_ruin_house_2, swamp_pool4, grunt_ruined_hall
Orc:1:    layout_caves, gammafunk_ghost_fury_of_okawaru, mines2_lemuel
Orc:2:    st_orc_open, layout_caves, gammafunk_ghost_arena

Skill      XL: |  1  2  3  4  5  6  7  8  9 10 11 12 13 14 15 16 |
---------------+-------------------------------------------------+-----
Maces & Flails | 1 2 3 4 5 6 8 10 11 13 | 13.8
Armour         | 4 5 6 7 8 9 10 11 12 14 15 | 15.2
Fighting       | 4 5 6 8 9 10 11 12 14 | 14.0
Shields        | 4 5 6 7 8 10 11 12 13 14 15 | 15.1
Throwing       | 1 2 3 4 6 7 8 9 11 12 | 12.2
Invocations    | 2 4 5 7 8 10 11 | 11.5
Dodging        | 4 5 |  5.3
Evocations     | 5 6 |  6.4
Axes           | |  2.4

Action                   |  1- 3 |  4- 6 |  7- 9 | 10-12 | 13-15 | 16-18 || total
-------------------------+-------+-------+-------+-------+-------+-------++-------
Melee: Mace              |    93 |   141 |   306 |   756 |       |       ||  1296
       Headbutt          |    18 |    20 |    58 |   213 |   220 |    28 ||   557
       Falchion          |       |       |       |     7 |    40 |    13 ||    60
       Demon whip        |       |       |       |    36 |   895 |    81 ||  1012
Throw: Boomerang         |       |       |       |    30 |   286 |    40 ||   356
       Javelin           |       |       |       |       |     3 |       ||     3
Invok: Heroism           |       |       |     1 |    11 |    24 |     5 ||    41
       Finesse           |       |       |       |     1 |     5 |       ||     6
 Abil: Evoke Blink       |       |       |       |       |     1 |     1 ||     2
Evoke: Wand              |       |       |     2 |     4 |     7 |       ||    13
  Use: Scroll            |       |       |     9 |    16 |    11 |     2 ||    38
       Potion            |       |       |     1 |     3 |     7 |    12 ||    23
Armor: Scale mail        |    43 |    23 |       |    47 |   179 |       ||   292
       Chain mail        |       |    60 |       |       |   103 |    54 ||   217
       Plate armour      |       |       |   181 |   388 |       |       ||   569
Dodge: Dodged            |    45 |    48 |    74 |   219 |   194 |    33 ||   613
Block: Buckler           |    20 |    25 |   108 |   207 |       |       ||   360
       Reflection        |       |       |     8 |    13 |    24 |     6 ||    51
       Kite shield       |       |       |       |   252 |   675 |   101 ||  1028
